 Dungeon Crawl Stone Soup version 0.31-a0-188-g5e087ee2ca (webtiles) character file.

Game seed: 14225693698350989555

38 qw the Shooter (level 3, -3/20 HPs)
             Began as a Deep Elf Hunter on June 22, 2023.
             Slain by an orc
             ... wielding a +0 falchion
              (6 damage)
             ... on level 3 of the Dungeon.
             The game lasted 00:00:17 (869 turns).

qw the Shooter (Deep Elf Hunter)                     Turns: 869, Time: 00:00:18

Health: -3/20      AC:  3    Str: 10    XL:     3   Next: 25%
Magic:  5/5        EV: 12    Int: 13    God:
Gold:   56         SH:  0    Dex: 18    Spells: 2/2 levels left

rFire   . . .        Y - +0 shortbow
rCold   . . .        (shield currently unavailable)
rNeg    . . .        c - +0 leather armour
rPois   .            (no helmet)
rElec   .            (no cloak)
rCorr   .            (no gloves)
SInv    .            (no boots)
Will    .....        (no amulet)
Stlth   ++           (no ring)
HPRegen 0.23/turn    (no ring)
MPRegen 0.09/turn

%: no passive effects
@: no status effects
A: no striking features
a: no special abilities


You were on level 3 of the Dungeon.
You visited 1 branch of the dungeon, and saw 3 of its levels.

You collected 56 gold pieces.


   Skills:
 - Level 1.5 Fighting
 + Level 6.8 Ranged Weapons
 - Level 2.4 Dodging
 - Level 1.2 Stealth


You had 2 spell levels left.
You didn't know any spells.
Your spell library was empty.

Inventory:

Hand Weapons
 Y - a +0 shortbow (weapon)
Armour
 c - a +0 leather armour (worn)

Dungeon Overview and Level Annotations

Branches:
Dungeon (2/15)

Altars:

Shops:
D:1 (


Message History

The orc closely misses you.
You shoot an arrow.
The arrow hits the orc but does no damage.
The orc hits you with a +0 mace! The orc hits you but does no damage.
You shoot an arrow.
The arrow hits the orc but does no damage.
The orc closely misses you.
You shoot an arrow. The arrow closely misses the orc.
The arrow hits the frilled lizard.
You kill the frilled lizard!
The orc barely misses you.
You shoot an arrow. The arrow hits the orc.
The orc is severely wounded.
The orc hits you but does no damage.
You shoot an arrow. The arrow hits the orc.
You kill the orc!
You shoot an arrow. The arrow hits the jackal.
The jackal is moderately wounded.
You hear the slow rusting of a very distant drain.
The jackal misses you. The jackal barely misses you.
You shoot an arrow. The arrow hits the jackal.
You kill the jackal!
You shoot an arrow. The arrow closely misses the orc.
The orc hits you with a +0 falchion!
You shoot an arrow.
The arrow hits the orc but does no damage.
The orc closely misses you.
You shoot an arrow. The arrow completely misses the orc.
The orc hits you with a +0 falchion. The orc barely misses you.
You shoot an arrow.
The arrow hits the orc but does no damage.
The orc misses you.
You shoot an arrow. The arrow closely misses the orc.
The orc hits you with a +0 falchion.
You shoot an arrow. The arrow hits the orc.
The orc is severely wounded.
The orc hits you with a +0 falchion.
You shoot an arrow. The arrow barely misses the orc.
The orc hits you with a +0 falchion.
You die...

# ####.## ...##..
....:#.# #+#
###.....#.# #.#
#..####.oK!.$.#.####.#
#.....@## ##..)...##
######..#####..###...##
#.#.....#.##......
#.##........#...##
#.#####.#.#.##.###
#.#####........###
#....%............
##########...#.###
#####.#


You could see an orc and a kobold.

Vanquished Creatures
  An orc (D:3)
  3 bats (D:1)
  2 endoplasms (D:1)
  A giant cockroach (D:1)
  5 goblins
  A hobgoblin (D:1)
  7 jackals
  A kobold (D:1)
  4 ball pythons (D:1)
  3 frilled lizards
  6 rats
34 creatures vanquished.

Notes
Turn   | Place    | Note
-------+----------+-------------------------------------------
     0 | D:1      | qw the Deep Elf Hunter began the quest for the Orb.
     0 | D:1      | Reached XP level 1. HP: 12/12 MP: 3/3
     0 | D:1      | 0 ||| qw: Version: 0.3-a-9-g12657ce
     0 | D:1      | 0 ||| qw: Game counter: 2960
     0 | D:1      | 0 ||| qw: Always use a shield: true
     0 | D:1      | 0 ||| qw: God list: Okawaru
     0 | D:1      | 0 ||| qw: Allow faded altars: false
     0 | D:1      | 0 ||| qw: Do Orc after D:15 true
     0 | D:1      | 0 ||| qw: Do second Lair branch before Depths: true
     0 | D:1      | 0 ||| qw: Lair rune preference: random
     0 | D:1      | 0 ||| qw: Plans: Normal
     0 | D:1      | 0 ||| PLANNING D:1-11
   252 | D:1      | Reached XP level 2. HP: 16/16 MP: 4/4
   258 | D:1      | Reached skill level 6 in Ranged Weapons
   543 | D:1      | Found Puhyaxt's Weapon Shop.
   551 | D:1      | Reached XP level 3. HP: 20/20 MP: 5/5
   784 | D:1      | 784 ||| READING scroll labelled KAYS VUTHUEMOX.
   785 | D:1      | 785 ||| DROPPING scroll of butterflies.
   813 | D:2      | You fall into a shaft and drop 1 floor!
   814 | D:3      | 814 ||| PLANNING SEWER
   868 | D:3      | HP: 2/20 [orc/+0 falchion (4)]
   869 | D:3      | Slain by an orc

Levels and vault maps discovered:
D:1:      lemuel_arrival_cross, layout_loops_corners, serial_shops, shop
D:2:      layout_rooms
D:3:      layout_loops_corners, dreamdust_ecumenical_altar_sealed_demon,
          gup_sewer_entry_bowl, minmay_joined_circles

Skill      XL: |  1  2 |
---------------+-------+-----
Ranged Weapons | 6 |  6.8
Fighting       | |  1.5
Dodging        | |  2.4
Stealth        | |  1.2

Action                     || total
---------------------------++-------
   Fire: Shortbow          ||    74
    Use: Scroll            ||     1
 Armour: Leather armour    ||    10
  Dodge: Dodged            ||    17

Table legend:
 A = Non-vault XP
 B = Vault XP
 C = Vault XP percentage of total XP
 D = Non-vault monster count
 E = Vault monster count
 F = Vault count percentage of total count
                 A         B        C        D         E       F
            +---------+---------+-------+---------+---------+-------
      Total |      47 |       8 |  14.5 |      30 |       4 |  11.8
            +---------+---------+-------+---------+---------+-------
        D:1 |      43 |       0 |   0.0 |      26 |       0 |   0.0
        D:3 |       4 |       8 |  66.7 |       4 |       4 |  50.0
            +---------+---------+-------+---------+---------+-------
